 Dungeon Crawl Stone Soup version 0.28-a0-595-g9f6c0e134a (webtiles) character file.

Game seed: 10382562834146736428

0 meatgazer the Skirmisher (level 1, -17/18 HPs)
             Began as a Demonspawn Abyssal Knight on Oct 4, 2021.
             Was a Follower of Lugonu.
             Demolished by a tentacled starspawn (18 damage)
             ... on level 4 of the Abyss.
             The game lasted 00:01:20 (203 turns).

meatgazer the Skirmisher (Demonspawn Abyssal Knight) Turns: 203, Time: 00:01:21

Health: -17/18     AC:  3    Str: 13    XL:     1   Next: 0%
Magic:  2/2        EV: 11    Int: 11    God:    Lugonu [*.....]
Gold:   24         SH:  0    Dex: 13    Spells: 0/0 levels left

rFire   . . .      SeeInvis .   a - +1 falchion
rCold   . . .      Faith    .   (no shield)
rNeg    . . .      Spirit   .   b - +0 leather armour
rPois   .          Reflect  .   (no helmet)
rElec   .          Harm     .   (no cloak)
rCorr   .          Rampage  .   (no gloves)
Will    .....                   (no boots)
Stlth   +.........              (no amulet)
HPRegen 0.06/turn               (no ring)
MPRegen 0.08/turn               (no ring)

@: no status effects
A: no striking features
a: Renounce Religion, Depart the Abyss


You were on level 4 of the Abyss.
You worshipped Lugonu.
Lugonu was aware of your devotion.
You visited 0 branches of the dungeon, and saw 0 of its levels.
You visited the Abyss 1 time.

You collected 24 gold pieces.

Inventory:

Hand Weapons
 a - a +1 falchion (weapon)
Armour
 b - a +0 leather armour (worn)


   Skills:
 + Level 3.0 Fighting
 + Level 1.7 Long Blades
 + Level 1.7 Armour
 + Level 0.8 Dodging
 + Level 2.4 Invocations


You couldn't memorise any spells.
You didn't know any spells.
Your spell library was empty.

Dungeon Overview and Level Annotations

Branches:
Dungeon (0/15)

Altars:


Message History

The tentacle pulls you backwards!
A starspawn tentacle segment comes into view.
The starspawn tentacle grabs you. The starspawn tentacle constricts you.
A starspawn tentacle segment comes into view.
You escape the starspawn tentacle's grasp.
Found a short sword.
You see here a +0 leather armour.
The starspawn tentacle grabs you. The starspawn tentacle constricts you.
The starspawn tentacle loses its grip on you.
The tentacle pulls you backwards!
A starspawn tentacle segment comes into view. x2
The starspawn tentacle grabs you. The starspawn tentacle constricts you.
The starspawn tentacle loses its grip on you.
The tentacle pulls you backwards!
You see here a +0 leather armour.
The starspawn tentacle misses you. The starspawn tentacle grabs you.
The starspawn tentacle constricts you.
* * * LOW HITPOINT WARNING * * *
The starspawn tentacle's grasp on you weakens, but your attempt to escape fails.
The starspawn tentacle loses its grip on you.
The tentacle pulls you backwards! The starspawn tentacle grabs you.
The starspawn tentacle constricts you.
* * * LOW HITPOINT WARNING * * *
2 starspawn tentacle segments come into view.
Unknown command.
You hit the starspawn tentacle segment but do no damage.
The tentacle pulls you backwards!
The starspawn tentacle loses its grip on you.
The tentacle pulls you backwards!
A tentacle flies out from the starspawn's body!
A starspawn tentacle comes into view.
A tentacled starspawn is nearby!
A tentacle flies out from the starspawn's body!
A starspawn tentacle comes into view.
The starspawn tentacle grabs you. The starspawn tentacle constricts you.
* * * LOW HITPOINT WARNING * * *
You escape the starspawn tentacle's grasp.
The tentacled starspawn bites you!!
Ouch! That really hurt!
You die...

# ....
#....##X.# .
#...# #..[##
.# #.#..
....#.# #
##..#.#.#...#
. .....#. ###
....#.Λ#....#
#..#./#│...#..
.)##w##│#.## .
#..@X...#
###..##..#
##.# ... . #.#
## ..# ### .#.
...#


You could see a tentacled starspawn and a starspawn tentacle.

Vanquished Creatures (others)
  A fire bat (Abyss:4)
  5 starspawn tentacles (Abyss:4)
6 creatures vanquished.

Notes
Turn   | Place    | Note
-------+----------+-------------------------------------------
     0 | Abyss:1  | meatgazer the Demonspawn Abyssal Knight began the quest for
                  | the Orb.
     0 | Abyss:1  | Reached XP level 1. HP: 18/18 MP: 2/2
   137 | Abyss:4  | Noticed a small abomination
   139 | Abyss:4  | Noticed a ynoxinul
   147 | Abyss:4  | Killed a fire bat
   150 | Abyss:4  | Noticed an ettin
   176 | Abyss:4  | Noticed a tentacled starspawn
   203 | Abyss:4  | Demolished by a tentacled starspawn

Illustrated notes

Levels and vault maps discovered:
Abyss:4:  base: Temple, hangedman_abyss_mock_shop,
          hangedman_classic_abyss_death,
          due_evilmike_abyss_rune_seething_liches,
          guppyfry_abyss_exit_spiral_guarded, evilmike_abyss_rune_ettins,
          evilmike_abyss_exit_10, nicolae_abyss_rune_left_handed

Action                   || total
-------------------------++-------
Melee: Falchion          ||     1
  Use: Scroll            ||     3
Dodge: Dodged            ||     2

Table legend: (Time is in decaauts)
 A = Elapsed time spent in this place.
 B = Non-inter-level travel time spent in this place.
 C = Inter-level travel time spent in this place.
 D = Time resting spent in this place.
 E = Time spent auto-exploring this place.
 F = Levels seen in this place.
 G = Mean time per level.
                   A        B        C        D        E       F      G
               +--------+--------+--------+--------+--------+-----+--------+
         Total |    204 |    204 |      0 |      0 |     57 |   4 |   51.0 |
         Abyss |    204 |    204 |      0 |      0 |     57 |   4 |   51.0 |
               +--------+--------+--------+--------+--------+-----+--------+

Top non-repeatable levels by time:
 Abyss:4: 99 daAuts
 Abyss:3: 47 daAuts
 Abyss:1: 32 daAuts
 Abyss:2: 25 daAuts
